 Dungeon Crawl Stone Soup version 0.18-a0-1078-gebb93d0 (webtiles) character file.

112 tof the Shield-Bearer (level 4, -9/35 HPs)
             Began as a Demonspawn Fighter on Jan 14, 2016.
             Mangled by chonchonts's ghost (15 damage)
             ... on level 3 of the Dungeon.
             The game lasted 00:04:41 (2818 turns).

tof the Shield-Bearer (Demonspawn Fighter)          Turns: 2818, Time: 00:04:41

Health: -9/35      AC:  8    Str: 16    XL:     4   Next: 63%
Magic:  4/4        EV:  7    Int:  9    God:
Gold:   167        SH:  9    Dex: 14    Spells: 0 memorised, 3 levels left

rFire  . . .     SeeInvis .     a - +0 trident
rCold  . . .     Gourm    .     b - +0 scale mail
rNeg   + . .     Faith    .     c - +0 shield
rPois  .         Spirit   .     (no helmet)
rElec  .         Dismiss  .     (no cloak)
rCorr  .         Reflect  .     s - +0 pair of gloves
SustAt .         Harm     .     (no boots)
MR     .....                    (no amulet)
Stlth  ..........               (no ring)
                                i - ring of positive energy

@: not resistant to hostile enchantments, extremely unstealthy
A: demonic guardian 1, powered by death 1
a: no special abilities


You were on level 3 of the Dungeon.
You were hungry.

You visited 1 branch of the dungeon, and saw 3 of its levels.

You collected 167 gold pieces.

Inventory:

Hand Weapons
 a - a +0 trident (weapon)
Armour
 b - a +0 scale mail (worn)
 c - a +0 shield (worn)
 s - a +0 pair of gloves (worn)
Jewellery
 i - a ring of positive energy (left hand)
Wands
 p - a wand of magic darts (35/48)
Scrolls
 e - 2 scrolls of teleportation {unknown}
 h - 2 scrolls of identify {unknown}
 m - 3 scrolls of amnesia {unknown}
 o - a scroll of random uselessness {unknown}
 t - a scroll of noise {unknown}
Potions
 d - 2 potions of might
 g - 2 potions of magic {unknown}
 j - a potion of heal wounds {unknown}
 l - a potion of agility {unknown}
 q - a potion of cancellation {unknown}
 r - a potion of curing {unknown}
Comestibles
 f - 2 bread rations
 k - 2 meat rations
 n - a chunk of flesh


   Skills:
 + Level 3.3 Fighting
 + Level 2.2 Polearms
 + Level 3.4 Armour
 + Level 1.6 Dodging
 + Level 3.4 Shields


You had 3 spell levels left.
You didn't know any spells.

Dungeon Overview and Level Annotations

Branches:
Dungeon (3/15)

Altars:

Annotations:
D:3 chonchonts's ghost, amateur MiFi


Innate Abilities, Weirdness & Mutations

A weak demonic guardian rushes to your aid.
You regenerate a little health from kills.


Message History

The orc barely misses you. The rat barely misses you.
Chonchonts's ghost hits you!
* * * LOW HITPOINT WARNING * * *
You hit the rat.
The rat is moderately wounded.
The orc hits you but does no damage. x2
The rat bites you but does no damage. Chonchonts's ghost hits you.
* * * LOW HITPOINT WARNING * * *
Some of the chunks of flesh in your inventory have rotted away.
You hit the rat.
You kill the rat!
You block the orc's attack. x2
Chonchonts's ghost hits you.
* * * LOW HITPOINT WARNING * * *
The rat completely misses you.
You barely miss the rat. The orc hits you but does no damage.
The orc closely misses you. You block chonchonts's ghost's attack.
You block the rat's attack. You block the orc's attack.
The orc hits you but does no damage.
You barely miss the rat. Chonchonts's ghost hits you!
You die...

#............÷.(#
######################
.............†...W...#
####################.#
###### #.# #..... #W#
#..... #.#
#....o####.#
#....r@W...#
#....o###### #.....
#..... ....... ###...#
#.#. ..#.


You could see chonchonts's ghost, 2 orcs and a rat.

Vanquished Creatures
  4 adders
  An ooze (D:1)
  4 worms (D:2)
  A giant gecko (D:3)
  3 orcs (D:3)
  A giant cockroach (D:2)
  5 goblins
  6 hobgoblins
  8 jackals
  4 kobolds
  A quokka (D:2)
  4 bats
  3 giant newts (D:1)
  10 rats
55 creatures vanquished.

Notes
Turn   | Place    | Note
--------------------------------------------------------------
     0 | D:1      | tof the Demonspawn Fighter began the quest for the Orb.
     0 | D:1      | Reached XP level 1. HP: 18/18 MP: 1/1
   391 | D:1      | Gained mutation: A weak demonic guardian rushes to your aid. [demonic ancestry]
   391 | D:1      | Reached XP level 2. HP: 24/24 MP: 2/2
  1073 | D:2      | Reached skill level 1 in Dodging
  1084 | D:2      | Reached XP level 3. HP: 26/29 MP: 3/3
  1944 | D:2      | Gained mutation: You regenerate a little health from kills. [demonic ancestry]
  1944 | D:2      | Reached XP level 4. HP: 16/35 MP: 4/4
  2289 | D:3      | Noticed chonchonts's ghost (amateur MiFi)
  2818 | D:3      | Mangled by chonchonts's ghost

Vault maps used:
D:1:      minmay_arrival_nine_rooms
D:2:      first_bread, minivault_4, kennysheep_generic_room_2
D:3:      tso_metal_star

Action                   |  1- 3 |  4- 6 || total
-------------------------+-------+-------++-------
Melee: Trident           |   188 |    69 ||   257
  Eat: Chunk             |     4 |       ||     4
       Royal jelly       |       |     1 ||     1
